AoeStats
← Geosim

Oasis

507798739Analyzed
3v3 RM · 12d ago on Sep 19, 2026· 26m 34s· 6 players
Game mode
Random Map
Map size
Normal (6 player)
Population
200
Speed
Normal
Resources
Standard
Victory
Conquest
Starting age
Dark Age
Ending age
Imperial Age
RankedLock teamsTeams togetherTeam positionsShared explorationLock speedFull tech treeHidden civsTurbo modeCheats
Victory
Defeat
🇫🇮 Koreans · Finland
1319
+11
🇫🇮 Cumans · Finland
1309
+12
1241
+15
🇹🇷 Goths · Türkiye
1247
-14
🇹🇷 Mongols · Türkiye
1228
-13
🇹🇷 Bohemians · Türkiye
1170
-11
M.S.
2:23 Loom
13:30 Feudal Age
15:19 Double-Bit Axe
16:12 Wheelbarrow
19:18 Fletching
19:28 Padded Archer Armor
21:03 Horse Collar
22:38 Forging
22:28 Scale Mail Armor
22:28 Arson
simirfan
0:28 Loom
11:41 Feudal Age
15:15 Double-Bit Axe
16:23 Horse Collar
26:13 Castle Age
23:45 Man-at-Arms
Geosim
0:26 Loom
11:55 Feudal Age
12:15 Man-at-Arms
13:29 Double-Bit Axe
16:49 Horse Collar
17:01 Gold Mining
17:27 Forging
17:17 Scale Mail Armor
19:28 Wheelbarrow
22:26 Castle Age
23:42 Iron Casting
23:23 Chain Mail Armor
22:30 Long Swordsman
23:10 Squires
23:22 Pikeman
AdAstra
6:14 Loom
9:46 Feudal Age
10:48 Double-Bit Axe
15:48 Fletching
24:30 Castle Age
24:34 Crossbowman
25:10 Bodkin Arrow
Potatismannen
9:36 Feudal Age
10:29 Double-Bit Axe
16:00 Wheelbarrow
17:06 Loom
19:42 Castle Age
17:53 Horse Collar
19:09 Scale Barding Armor
19:25 Gold Mining
21:10 Chain Barding Armor
23:03 Bow Saw
23:25 Bloodlines
24:05 Hand Cart
27:02 Heavy Plow
Legendary Defender of Surmia
0:30 Loom
11:05 Feudal Age
11:26 Man-at-Arms
15:52 Fletching
17:46 Padded Archer Armor
17:48 Double-Bit Axe
17:44 Horse Collar
20:21 Wheelbarrow
23:33 Castle Age
22:32 Gold Mining
24:28 Bodkin Arrow
23:55 Crossbowman
25:13 Bow Saw
24:55 Stone Mining
25:33 Leather Archer Armor
Connection lost

Rejoining the realm…

Still unreachable

The connection could not be restored.

Session expired

The server has moved on; the page needs a fresh start.